A- EAST
SALEM RED SOX @ MYRTLE BEACH PELICANS
05/28/2042
 
TOP OF THE 1ST
Salem Red Sox batting - Pitching for Myrtle Beach Pelicans : RHP Bennie Flores
Pitching: RHP Bennie Flores
Batting: RHB Dave Ross 0-0: Ball
1-0: Foul Ball, location: 9LMF
1-1: Fly out, F8 (Flyball, 78M, EV 86.9 MPH)
Batting: RHB Dan Johnson 0-0: Ground out 5-3 (Groundball, 5S, EV 67.5 MPH)
Batting: RHB Ricky Hennessey 0-0: Called Strike
0-1: Ball
1-1: Ball
2-1: Foul Ball, location: 2F
2-2: Foul Ball, location: 2F
2-2: Foul Ball, location: 5F
2-2: Foul Ball, location: 5F
2-2: Fly out, F8 (Flyball, 8LD, EV 95.0 MPH)
Top of the 1st over - 0 runs, 0 hits, 0 errors, 0 left on base; Salem 0 - Myrtle Beach 0
BOTTOM OF THE 1ST
Myrtle Beach Pelicans batting - Pitching for Salem Red Sox : LHP Ezra Chávez
Pitching: LHP Ezra Chávez
Batting: LHB Chris MacGruder 0-0: Ground out 4-3 (Groundball, 4, EV 96.9 MPH)
Batting: LHB José Velázquez 0-0: Ball
1-0: Foul Ball, location: 23F
1-1: Ball
2-1: Ball
3-1: Foul Ball, location: 5FF
3-2: Base on Balls
Batting: RHB Juan Jose Gómez 0-0: Called Strike
José Velázquez steals 2nd base (no throw)
0-1: Ball
1-1: Foul Ball, location: 9LDF
1-2: Ball
2-2: Strikes out looking
Batting: LHB Shawn Greene 0-0: Ball
1-0: Fly out, F8 (Flyball, 89M, EV 88.1 MPH)
Bottom of the 1st over - 0 runs, 0 hits, 0 errors, 1 left on base; Salem 0 - Myrtle Beach 0
TOP OF THE 2ND
Salem Red Sox batting - Pitching for Myrtle Beach Pelicans : RHP Bennie Flores
Batting: LHB Steve Small 0-0: Ball
1-0: Called Strike
1-1: Ball
2-1: Ground out 4-3 (Groundball, 4M, EV 86.3 MPH)
Batting: RHB Leon Elkins 0-0: Called Strike
0-1: Ball
1-1: Foul Ball, location: 2F
1-2: Ball
2-2: Ball
3-2: Foul Ball, location: 9LMF
3-2: Foul Ball, location: 3FF
3-2: Base on Balls
Pitching: RHP Jonah Henry
Batting: LHB Domenic Merritt 0-0: Ball
1-0: Fly out, F3 (Popup, 34S, EV 81.3 MPH)
Batting: SHB Jorge Carrillo 0-0: Ball
1-0: Foul Ball, location: 7LDF
1-1: Called Strike
1-2: Strikes out swinging
Top of the 2nd over - 0 runs, 0 hits, 0 errors, 1 left on base; Salem 0 - Myrtle Beach 0
BOTTOM OF THE 2ND
Myrtle Beach Pelicans batting - Pitching for Salem Red Sox : LHP Ezra Chávez
Batting: RHB Juan Molina 0-0: Foul Ball, location: 9LMF
0-1: Ground out 6-3 (Groundball, 6, EV 92.5 MPH)
Batting: SHB Robinson Castillo 0-0: Foul Ball, location: 3FF
0-1: Fly out, F6 (Line Drive, 6, EV 63.8 MPH)
Batting: RHB Esteban Garza 0-0: SINGLE (Groundball, 4M, EV 90.0 MPH) (infield hit)
Pitching: RHP Octávio Garza
Batting: RHB Pepe Ramírez 0-0: Ball
1-0: Called Strike
1-1: Ball
2-1: Called Strike
2-2: Foul Ball, location: 25F
2-2: Foul Ball, location: 2F
2-2: Strikes out swinging
Bottom of the 2nd over - 0 runs, 1 hit, 0 errors, 1 left on base; Salem 0 - Myrtle Beach 0
TOP OF THE 3RD
Salem Red Sox batting - Pitching for Myrtle Beach Pelicans : RHP Jonah Henry
Batting: RHB Víctor Navarro 0-0: Called Strike
0-1: Fly out, F8 (Flyball, 89D, EV 100.6 MPH)
Batting: LHB Mike Riggs 0-0: Ball
1-0: Ground out U3 (Groundball, 3L, EV 80.0 MPH)
Batting: RHB Dave Ross 0-0: Ball
1-0: Foul Ball, location: 5DF
1-1: Bunt for hit to 23 - play at first, batter safe!
Batting: RHB Dan Johnson 0-0: Ball
Dave Ross steals 2nd, throwing error, E2
Dave Ross to third
1-0: Foul Ball, location: 2F
1-1: Ground out 5-3 (Groundball, 56, EV 108.8 MPH)
Top of the 3rd over - 0 runs, 1 hit, 1 error, 1 left on base; Salem 0 - Myrtle Beach 0
BOTTOM OF THE 3RD
Myrtle Beach Pelicans batting - Pitching for Salem Red Sox : RHP Octávio Garza
Batting: RHB José Bautista 0-0: Ball
1-0: Ball
2-0: Fly out, F8 (Flyball, 8RD, EV 88.1 MPH)
Batting: LHB Chris MacGruder 0-0: Fly out, F7 (Line Drive, 78M, EV 102.5 MPH)
Batting: LHB José Velázquez 0-0: Called Strike
0-1: Ball
1-1: Ball
2-1: Foul Ball, location: 2F
2-2: Ball
3-2: Base on Balls
Batting: RHB Juan Jose Gómez 0-0: Ball
José Velázquez steals 2nd base
1-0: Ball
2-0: Ball
3-0: Base on Balls
Batting: LHB Shawn Greene 0-0: Foul Ball, location: 5FF
0-1: Ball
1-1: Fly out, F8 (Flyball, 8LM, EV 95.6 MPH)
Bottom of the 3rd over - 0 runs, 0 hits, 0 errors, 2 left on base; Salem 0 - Myrtle Beach 0
TOP OF THE 4TH
Salem Red Sox batting - Pitching for Myrtle Beach Pelicans : RHP Jonah Henry
Batting: RHB Ricky Hennessey 0-0: Fly out, F7 (Flyball, 7, EV 88.1 MPH)
Batting: LHB Steve Small 0-0: Ball
1-0: Called Strike
1-1: Foul Ball, location: 9LMF
1-2: Ball
2-2: Foul Ball, location: 7LSF
2-2: SINGLE (Groundball, 34D, EV 106.3 MPH)
Batting: RHB Leon Elkins 0-0: Foul Ball, location: 2F
0-1: Ball
1-1: Foul Ball, location: 25F
1-2: Ball
2-2: Ball
3-2: Foul Ball, location: 7LMF
3-2: Base on Balls
Steve Small to second
Batting: LHB Domenic Merritt 0-0: Ball
1-0: Called Strike
1-1: Foul Ball, location: 2F
1-2: Fly out, F7 (Flyball, 7S, EV 78.1 MPH)
Batting: SHB Jorge Carrillo 0-0: Fly out, F8 (Line Drive, 8LM, EV 89.4 MPH)
Top of the 4th over - 0 runs, 1 hit, 0 errors, 2 left on base; Salem 0 - Myrtle Beach 0
BOTTOM OF THE 4TH
Myrtle Beach Pelicans batting - Pitching for Salem Red Sox : RHP Octávio Garza
Pinch Hitting: RHB Ernesto Salas 0-0: Foul Ball, location: 2RF
0-1: Ball
1-1: Ball
2-1: Called Strike
2-2: Strikes out swinging, 2-3 out at first.
Batting: SHB Robinson Castillo 0-0: Ball
1-0: Called Strike
1-1: Ball
2-1: Ground out 4-3 (Groundball, 4, EV 80.6 MPH)
Batting: RHB Esteban Garza 0-0: Called Strike
0-1: Ball
1-1: Foul Ball, location: 2F
1-2: Ball
2-2: Strikes out swinging
Bottom of the 4th over - 0 runs, 0 hits, 0 errors, 0 left on base; Salem 0 - Myrtle Beach 0
TOP OF THE 5TH
Salem Red Sox batting - Pitching for Myrtle Beach Pelicans : RHP Jonah Henry
Now at SS: Ernesto Salas
Batting: RHB Víctor Navarro 0-0: Ball
1-0: Ball
2-0: Ball
3-0: Swinging Strike
3-1: Foul Ball, location: 2F
3-2: Strikes out swinging
Batting: LHB Mike Riggs 0-0: Ground out U3 (Groundball, 23, EV 86.3 MPH)
Batting: RHB Dave Ross 0-0: Foul Ball, location: 2F
0-1: Foul Ball, location: 23FF
0-2: SOLO HOME RUN (Flyball, 7LD, EV 96.3 MPH), Distance : 333 ft
Batting: RHB Dan Johnson 0-0: Ball
1-0: Called Strike
1-1: Ball
2-1: Ball
3-1: Foul Ball, location: 9LSF
3-2: Base on Balls
Batting: RHB Ricky Hennessey 0-0: Swinging Strike
0-1: Swinging Strike
0-2: Strikes out looking
Top of the 5th over - 1 run, 1 hit, 0 errors, 1 left on base; Salem 1 - Myrtle Beach 0
BOTTOM OF THE 5TH
Myrtle Beach Pelicans batting - Pitching for Salem Red Sox : RHP Octávio Garza
Pinch Hitting: SHB Joe James 0-0: Ball
1-0: Ball
2-0: Ball
3-0: Base on Balls
Batting: RHB José Bautista 0-0: Sac Bunt to P - play at first, batter OUT! 1-3
Joe James to second
Pinch Hitting: RHB Chet Graves 0-0: Ball
1-0: Swinging Strike
1-1: Foul Ball, location: 9LSF
1-2: Strikes out looking
Batting: LHB José Velázquez 0-0: Called Strike
0-1: Ground out 4-3 (Groundball, 4, EV 103.8 MPH)
Bottom of the 5th over - 0 runs, 0 hits, 0 errors, 1 left on base; Salem 1 - Myrtle Beach 0
TOP OF THE 6TH
Salem Red Sox batting - Pitching for Myrtle Beach Pelicans : RHP Jonah Henry
Now at 1B: Joe James
Now in LF: Shawn Greene
Now in CF: José Velázquez
Now in RF: Chet Graves
Batting: LHB Steve Small 0-0: Called Strike
0-1: Swinging Strike
0-2: Fly out, F8 (Flyball, 8RD, EV 109.4 MPH)
Batting: RHB Leon Elkins 0-0: Called Strike
0-1: Swinging Strike
0-2: Strikes out looking
Batting: LHB Domenic Merritt 0-0: Called Strike
0-1: Ball
1-1: Ball
2-1: SINGLE (Line Drive, 7S, EV 106.3 MPH)
Batting: SHB Jorge Carrillo 0-0: Called Strike
0-1: DOUBLE (Line Drive, 7LS, EV 101.3 MPH)
Domenic Merritt to third
Runner from 3rd tries for Home, SAFE, throw by LF to home
Batting: RHB Víctor Navarro 0-0: Ball
1-0: Ball
2-0: Ball
3-0: Called Strike
3-1: Called Strike
3-2: Strikes out swinging
Top of the 6th over - 1 run, 2 hits, 0 errors, 1 left on base; Salem 2 - Myrtle Beach 0
BOTTOM OF THE 6TH
Myrtle Beach Pelicans batting - Pitching for Salem Red Sox : RHP Octávio Garza
Batting: RHB Juan Jose Gómez 0-0: Foul Ball, location: 3F
0-1: Fly out, F7 (Flyball, 78M, EV 91.3 MPH)
Batting: LHB Shawn Greene 0-0: Ball
1-0: Ball
2-0: Ball
3-0: Called Strike
3-1: Called Strike
3-2: Base on Balls
Pinch Hitting: LHB Gabriel Bostina 0-0: Ball
1-0: Ball
2-0: Swinging Strike
2-1: Swinging Strike
2-2: SINGLE (Groundball, 5S, EV 61.3 MPH) (infield hit)
Shawn Greene to second
Batting: SHB Robinson Castillo 0-0: Called Strike
Shawn Greene steals 3rd base
0-1: Ball
1-1: Ball
2-1: Foul Ball, location: 7LSF
2-2: Strikes out swinging
Pitching: RHP Ed Todd
Batting: RHB Esteban Garza 0-0: Ball
1-0: Ball
2-0: Called Strike
Gabriel Bostina steals 2nd base
2-1: Ball
3-1: Foul Ball, location: 2F
3-2: Ground out 1-3 (Groundball, 13S, EV 69.4 MPH)
Bottom of the 6th over - 0 runs, 1 hit, 0 errors, 2 left on base; Salem 2 - Myrtle Beach 0
TOP OF THE 7TH
Salem Red Sox batting - Pitching for Myrtle Beach Pelicans : RHP Jonah Henry
Now at 2B: Gabriel Bostina
Now at SS: Esteban Garza
Batting: LHB Mike Riggs 0-0: Ball
1-0: Swinging Strike
1-1: Ball
2-1: Called Strike
2-2: Strikes out swinging
Batting: RHB Dave Ross 0-0: Fly out, F9 (Flyball, 89M, EV 78.8 MPH)
Batting: RHB Dan Johnson 0-0: Ball
1-0: Ball
2-0: Ball
3-0: Called Strike
3-1: Base on Balls
Pitching: LHP Dave Cox
Batting: RHB Ricky Hennessey 0-0: SINGLE (Groundball, 4D, EV 104.4 MPH)
Dan Johnson to second
Runner from 2nd tries for 3rd, SAFE, throw by CF made to third
Ricky Hennessey to second
Pinch Hitting: RHB Alfredo Rivera 0-0: Ball
1-0: Called Strike
1-1: Ground out 6-3 (Groundball, 6, EV 104.4 MPH)
Top of the 7th over - 0 runs, 1 hit, 0 errors, 2 left on base; Salem 2 - Myrtle Beach 0
BOTTOM OF THE 7TH
Myrtle Beach Pelicans batting - Pitching for Salem Red Sox : RHP Ed Todd
Now in RF: David Cavazos
Batting: SHB Joe James 0-0: SOLO HOME RUN (Flyball, 9D, EV 99.4 MPH), Distance : 362 ft
Pinch Hitting: RHB Alfredo Mercado 0-0: Ball
1-0: Ground out 5-3 (Groundball, 5S, EV 83.8 MPH)
Pinch Hitting: RHB Joe Tidwell 0-0: Foul Ball, location: 9LMF
0-1: Ball
1-1: Swinging Strike
1-2: Strikes out swinging
Batting: LHB José Velázquez 0-0: Ball
1-0: Fly out, F5 (Popup, 5F, EV 73.8 MPH)
Bottom of the 7th over - 1 run, 1 hit, 0 errors, 0 left on base; Salem 2 - Myrtle Beach 1
TOP OF THE 8TH
Salem Red Sox batting - Pitching for Myrtle Beach Pelicans : LHP Dave Cox
Now at 3B: Alfredo Mercado
Now in CF: Joe Tidwell
Now in RF: José Velázquez
Batting: RHB Leon Elkins 0-0: Ball
1-0: Ball
2-0: Ball
3-0: Called Strike
3-1: Called Strike
3-2: Ground out 4-3 (Groundball, 4, EV 85.0 MPH)
Batting: LHB Domenic Merritt 0-0: SINGLE (Groundball, 4D, EV 100.6 MPH)
Batting: SHB Jorge Carrillo 0-0: Swinging Strike
0-1: Ball
1-1: Foul Ball, location: 2F
1-2: Strikes out swinging
Batting: RHB Víctor Navarro 0-0: Fly out, F7 (Flyball, 78D, EV 85.0 MPH)
Top of the 8th over - 0 runs, 1 hit, 0 errors, 1 left on base; Salem 2 - Myrtle Beach 1
BOTTOM OF THE 8TH
Myrtle Beach Pelicans batting - Pitching for Salem Red Sox : RHP Ed Todd
Batting: LHB Darryl Becker 0-0: Ball
1-0: Ball
2-0: Swinging Strike
2-1: Swinging Strike
2-2: Strikes out swinging
Batting: LHB Shawn Greene 0-0: Called Strike
0-1: Swinging Strike
0-2: Strikes out swinging
Batting: LHB Gabriel Bostina 0-0: Ball
1-0: Called Strike
1-1: Swinging Strike
1-2: Strikes out swinging
Bottom of the 8th over - 0 runs, 0 hits, 0 errors, 0 left on base; Salem 2 - Myrtle Beach 1
TOP OF THE 9TH
Salem Red Sox batting - Pitching for Myrtle Beach Pelicans : LHP Dave Cox
Batting: LHB Mike Riggs 0-0: Ball
1-0: Called Strike
1-1: Called Strike
1-2: Strikes out swinging
Batting: RHB Dave Ross 0-0: Ball
1-0: Foul Ball, location: 7LSF
1-1: Ball
2-1: Ball
3-1: Called Strike
3-2: Ground out 6-3 (Groundball, 6, EV 110.0 MPH)
Batting: RHB Dan Johnson 0-0: Called Strike
0-1: Ball
1-1: Foul Ball, location: 2LF
1-2: Strikes out swinging, 2-3 out at first.
Top of the 9th over - 0 runs, 0 hits, 0 errors, 0 left on base; Salem 2 - Myrtle Beach 1
BOTTOM OF THE 9TH
Myrtle Beach Pelicans batting - Pitching for Salem Red Sox : RHP Ed Todd
Pitching: RHP Luis Lerma
Pinch Hitting: LHB Ernie Mann 0-0: Called Strike
0-1: Ball
1-1: Ball
2-1: Ball
3-1: Foul Ball, location: 3DF
3-2: Base on Balls
Batting: RHB Esteban Garza 0-0: Sac Bunt to 2L - play at first, batter OUT! 2-3
Ernie Mann to second
Batting: SHB Joe James 0-0: Called Strike
0-1: Foul Ball, location: 2F
0-2: Strikes out swinging
Pinch Hitting: RHB Paul D'Eath 0-0: Called Strike
0-1: Ball
1-1: Called Strike
1-2: Ball
2-2: Foul Ball, location: 2F
2-2: Strikes out swinging
Bottom of the 9th over - 0 runs, 0 hits, 0 errors, 1 left on base; Salem 2 - Myrtle Beach 1
Friday, May 3rd , 2024 - OOTP Baseball 24.10 Build 82